 Dungeon Crawl Stone Soup version 0.27.1 (webtiles) character file.

Game seed: 14353981033011598180

119 jlumianski the Covered (level 4, -1/42 HPs)
             Began as a Deep Dwarf Fighter on Aug 27, 2021.
             Succumbed to an orc's poison
             ... on level 3 of the Dungeon.
             The game lasted 00:10:14 (1612 turns).

jlumianski the Covered (Deep Dwarf Fighter)         Turns: 1612, Time: 00:10:14

Health: -1/42      AC:  7    Str: 20    XL:     4   Next: 74%
Magic:  4/4        EV:  7    Int:  8    God:
Gold:   139        SH:  9    Dex: 13    Spells: 3/3 levels left

rFire    . . .     SeeInvis .   a - +0 war axe
rCold    . . .     Faith    .   c - +0 kite shield
rNeg     . . .     Spirit   .   b - +0 scale mail
rPois    .         Reflect  .   (no helmet)
rElec    .         Harm     .   (no cloak)
rCorr    .         Rampage  .   (no gloves)
Will     .....                  (no boots)
Stlth    ..........             (no amulet)
HPRegen  0.00/turn              (no ring)
MPRegen  0.09/turn              (no ring)

@: lethally poisoned (-1 -> -8)
A: damage resistance, heal wounds, sense surroundings 1, no regeneration
a: Heal Wounds


You were on level 3 of the Dungeon.
You visited 1 branch of the dungeon, and saw 3 of its levels.

You collected 139 gold pieces.

Inventory:

Hand Weapons
 a - a +0 war axe (weapon)
Missiles
 f - 111 stones
 i - 34 bolts
Armour
 b - a +0 scale mail (worn)
 c - a +0 kite shield (worn)
Jewellery
 e - an amulet of magic regeneration
Scrolls
 g - a scroll of fog {unknown}
 j - a scroll of amnesia {unknown}
 k - a scroll of identify {unknown}
Potions
 d - 2 potions of might
 h - a potion of flight {unknown}


   Skills:
 + Level 3.1 Fighting
 + Level 3.6 Axes
 + Level 4.1 Armour
 + Level 0.9 Dodging
 + Level 0.1 Stealth
 + Level 4.0 Shields


You had 3 spell levels left.
You didn't know any spells.
Your spell library contained the following spells:

 Spells                   Type           Power      Damage    Failure   Level
 Conjure Flame            Conj/Fire      0%         6-21      100%        3
 Ignite Poison            Fire/Tmut/Pois 0%         N/A       100%        3
 Hailstorm                Conj/Ice       0%         3d3       100%        4
 Ice Form                 Ice/Tmut       0%         N/A       100%        4
 Sticky Flame             Conj/Fire      0%         2d3       100%        4
 Simulacrum               Ice/Necr       0%         N/A       100%        6


Dungeon Overview and Level Annotations

Branches:
Dungeon (3/15)

Altars:


Innate Abilities, Weirdness & Mutations

You are resistant to damage.
You can heal yourself by infusing magical energy.
You passively map a small area around you.
You do not regenerate.


Message History

The orc is almost dead.
The orc hits you with a +3 dagger! The orc hits you but does no damage.
You are more poisoned.
The orc barely misses you.
You hit the orc but do no damage.
The orc is almost dead.
The orc hits you from afar with a +2 trident of venom.
You are more poisoned.
The orc hits you but does no damage. You block the orc's attack.
The orc barely misses you.
You barely miss the orc.
The orc is almost dead.
The orc hits you from afar with a +2 trident of venom.
You are more poisoned.
The orc hits you with a +3 dagger.
* * * LOW HITPOINT WARNING * * *
You slash the orc!
You kill the orc!
You feel sick. You block the orc's attack. The orc completely misses you.
The orc barely misses you.
Things that are here:
a +3 dagger; a +0 scale mail; an orc corpse You barely miss the orc.
The orc hits you with a +2 trident of venom.
You are more poisoned.
The orc completely misses you.
You closely miss the orc.
The orc wizard gestures wildly while chanting.
The orc wizard flickers and vanishes!
Deactivating autopickup; reactivate with Ctrl-A.
The orc closely misses you.
You barely miss the orc.
The orc hits you with a +2 trident of venom.
* * * LOW HITPOINT WARNING * * *
You are more poisoned.
The orc hits you with a +2 trident of venom.
You are lethally poisoned!
You slash the orc!
You kill the orc!
You die...

# #..#.............. ##.
#..#.###.######.## #...
#.......[# #.## *
.....##....##..######.##
.>......#..........##.##
,
.....##o................
#...* #{##.##..###.##.##
##. #)##.##........... #
#@##.###.###.##.##
#.##.###.##...#.##
#.##.......<...... * *
#.#########...####
#............## * *
##############


You could see an orc.

Vanquished Creatures
  A scorpion (D:3)
  An adder (D:2)
  2 dart slugs (D:1)
  6 orcs (D:3)
  4 endoplasms
  2 giant cockroaches (D:2)
  3 goblins (D:1)
  4 hobgoblins (D:1)
  2 quokkas
  8 ball pythons
  A bat (D:2)
  4 frilled lizards
  3 kobolds
  4 rats
45 creatures vanquished.

Notes
Turn   | Place    | Note
-------+----------+-------------------------------------------
     0 | D:1      | jlumianski the Deep Dwarf Fighter began the quest for the
                  | Orb.
     0 | D:1      | Reached XP level 1. HP: 20/20 MP: 1/1
   188 | D:1      | Reached XP level 2. HP: 24/27 MP: 2/2
   589 | D:2      | Reached XP level 3. HP: 12/34 MP: 3/3
   615 | D:2      | Found a faded altar of an unknown god.
  1377 | D:3      | Noticed a scorpion
  1390 | D:3      | Killed a scorpion
  1391 | D:3      | Reached XP level 4. HP: 28/42 MP: 4/4
  1612 | D:3      | Succumbed to an orc's poison

Illustrated notes

Levels and vault maps discovered:
D:1:      dpeg_arrival_leaves_temple_mockup, layout_rooms
D:2:      layout_loops_ring, basic_ecumenical_altar
D:3:      layout_loops_ring, mainiacjoe_overflow_big_doors

Skill      XL: |  1  2  3 |
---------------+----------+-----
Fighting       | 3 |  3.1
Axes           | 3 |  3.6
Armour         | 4 |  4.1
Shields        | 4 |  4.0
Dodging        | |  0.9
Stealth        | |  0.1

Action                   |  1- 3 |  4- 6 || total
-------------------------+-------+-------++-------
Melee: War axe           |   117 |    14 ||   131
 Abil: Heal Wounds       |     1 |       ||     1
Armor: Scale mail        |    55 |     6 ||    61
Dodge: Dodged            |    38 |     8 ||    46
Block: Kite shield       |    74 |     7 ||    81
